 Dungeon Crawl Stone Soup version 0.24.0-13-gcf9b3192b9 (webtiles) character file.

Game seed: 1980492160475068406, levelgen mode: deterministic

8881 Delamore the Severer (level 11, -8/123 HPs)
             Began as a Hill Orc Fighter on Nov 10, 2019.
             Was a High Priest of Okawaru.
             Mangled by a minotaur
             ... wielding an uncursed staff of wizardry
              (14 damage)
             ... in a Gauntlet.
             The game lasted 00:20:44 (9960 turns).

Delamore the Severer (Hill Orc Fighter)             Turns: 9960, Time: 00:20:45

Health: -8/123     AC: 14    Str: 28    XL:     11   Next: 37%
Magic:  0/11       EV:  8    Int: 12    God:    Okawaru [*****.]
Gold:   515        SH: 10    Dex: 10    Spells: 10/10 levels left

rFire    + + +     SeeInvis +   y - +0 war axe (venom)
rCold    . . .     Gourm    .   c - +0 shield
rNeg     + . .     Faith    .   P - +2 ring mail {rF+}
rPois    .         Spirit   +   N - +2 hat {MR+}
rElec    .         Reflect  .   D - +1 cloak
rCorr    .         Harm     .   F - +0 pair of gloves
MR       +....     NoTele   +   K - +0 pair of boots
Stlth    ..........             n - amulet of guardian spirit (curse)
HPRegen  0.30/turn              i - ring of Melee {rF++ rN+ Int+4 SInv}
MPRegen  0.12/turn              (no ring)

@: berserking, lightly drained, very quick
A: no striking features
a: Heroism, Finesse, Renounce Religion


You were in a Gauntlet.
You worshipped Okawaru.
Okawaru was extremely pleased with you.
You were not hungry.

You visited 1 branch of the dungeon, and saw 11 of its levels.
You also visited: Gauntlet.

You collected 515 gold pieces.

Inventory:

Hand Weapons
 r - a +1 hand axe of chopping
 y - a +0 war axe of venom (weapon)
Missiles
 j - 5 boomerangs of dispersal (quivered)
 v - a throwing net
Armour
 c - a +0 shield (worn)
 D - a +1 cloak (worn)
 F - a +0 pair of gloves (worn)
 K - a +0 pair of boots (worn)
 N - a +2 hat of magic resistance (worn)
 P - a +2 ring mail of fire resistance (worn)
Jewellery
 i - the ring of Melee (left hand) {rF++ rN+ Int+4 SInv}
   (You found it in a Gauntlet)

   [ring of positive energy]

   It affects your intelligence (+4).
   It greatly protects you from fire.
   It protects you from negative energy.
   It lets you see invisible.
 n - a cursed amulet of guardian spirit (around neck)
Wands
 p - a wand of polymorph (11)
 x - a wand of iceblast (4)
 I - a wand of clouds (5)
 M - a wand of disintegration (16)
Scrolls
 a - 2 scrolls of magic mapping
 e - 2 scrolls of identify
 h - a scroll of noise
 l - 3 scrolls of immolation {unknown}
 m - 6 scrolls of fog {unknown}
 o - 7 scrolls of remove curse
 q - 2 scrolls of enchant armour {unknown}
 t - 2 scrolls of enchant weapon {unknown}
 u - 3 scrolls of teleportation {unknown}
 A - 2 scrolls of fear {unknown}
 G - 2 scrolls of brand weapon
 H - a scroll of torment
 L - a scroll of amnesia
Potions
 b - a potion of agility {unknown}
 d - a potion of might
 g - 2 potions of haste
 k - a potion of resistance
 s - 6 potions of curing
 w - 2 potions of flight
 z - a potion of ambrosia
 B - 2 potions of invisibility
 C - a potion of lignification
 E - 2 potions of magic
Comestibles
 f - 18 rations


   Skills:
 - Level 3.6(3.4) Fighting
 + Level 20.3(20.0) Axes
 - Level 3.2(3.0) Armour
 - Level 3.2(3.0) Shields


You had 10 spell levels left.
You didn't know any spells.
Your spell library contained the following spells:

 Spells                   Type           Power        Failure   Level  Hunger
 Animate Skeleton         Necr           N/A          92%         1    ##.....
 Apportation              Tloc           #.....       92%         1    ##.....
 Confusing Touch          Hex            #.....       92%         1    ##.....
 Summon Small Mammal      Summ           #...         92%         1    ##.....


Dungeon Overview and Level Annotations

Branches:
Dungeon (11/15)            Temple (0/1) D:7            Lair (0/6) D:11
    Orc (0/2) D:11        Gauntlet (1/1)

Altars:
Dithmenos
Elyvilon
Fedhas
Okawaru
The Shining One

Annotations:
Gauntlet 7 transporters, 1 runed translucent door


Message History

The minotaur gores you.
* * * LOW HITPOINT WARNING * * *
Okay, then.
Press: ? - help, v - describe, . - travel
Here: a minotaur, wielding a staff of wizardry and wearing a +0 plate armour (severely wounded, poisoned)
The floor, spattered with blood.
Evoke which item? (* to show all) (? for menu, Esc to quit)
That's the wrong kind of item! (Use * to select it.) Evoke which item? (* to show all) (? for menu, Esc to quit)
Huh?
Evoke which item? (* to show all) (? for menu, Esc to quit)
Aiming: Disintegrate
Press: ? - help, Shift-Dir - straight line, f - minotaur
Aim: a minotaur, wielding a staff of wizardry and wearing a +0 plate armour (severely wounded, poisoned, chance to defeat MR: 7%)
Okay, then.
A red film seems to cover your vision as you go berserk!
You feel yourself moving faster!
You feel mighty!
The minotaur hits you but does no damage.
The minotaur gores you!
You die...

######### #.......#
#.#####.# #.#. #.#
#.#. #.# #.#. #.#
#.#. #.# #.#H###.#
#.#.@(..# #.#######
#.....# #####.#
########.#######
................
.♣.♣.©.©.©.©.♣.♣
................ ##
###
#####################
###


You could see a minotaur.

Vanquished Creatures
  Gastronok (D:10)
  A sixfirhy (Gauntlet)
  An apocalypse crab (Gauntlet)
  A centaur skeleton (D:11)
  A komodo dragon (D:10)
  A hornet (D:9)
  2 hippogriffs
  A centaur simulacrum (Gauntlet)
  3 hogs (D:10)
  A basilisk (D:11)
  A human (D:10)
  7 yaks
  4 porcupines (D:11)
  An ice beast (D:10)
  5 phantoms
  2 ogres
  A centaur (D:11)
  A crocodile (D:11)
  6 bullfrogs
  A spiny frog simulacrum (Gauntlet)
  A wyvern skeleton (D:6)
  2 scorpions
  A hornet simulacrum (Gauntlet)
  8 killer bees
  A howler monkey (D:8)
  5 crimson imps
  A bullfrog zombie (D:7)
  2 centaur zombies
  A jelly (D:8)
  3 orc wizards
  2 orc priests
  4 hounds
  Jessica (D:2)
  3 iguanas
  13 worker ants
  3 hound skeletons
  A worker ant zombie (D:5)
  10 adders
  3 gnolls (D:7)
  3 ufetubi (Gauntlet)
  An ooze (D:2)
  An adder skeleton (D:7)
  A worm (D:3)
  4 leopard geckos
  21 orcs
  4 giant cockroaches
  11 goblins
  10 hobgoblins
  8 jackals
  A quokka (D:9)
  5 ball pythons
  4 bats
  3 frilled lizards
  8 kobolds
  2 quokka skeletons
  6 rats
  A demonic plant (Gauntlet)
201 creatures vanquished.

Notes
Turn   | Place    | Note
-------+----------+-------------------------------------------
     0 | D:1      | Delamore the Hill Orc Fighter began the quest for the Orb.
     0 | D:1      | Reached XP level 1. HP: 19/19 MP: 1/1
    27 | D:1      | Reached skill level 3 in Axes
    58 | D:1      | Reached XP level 2. HP: 20/26 MP: 2/2
   221 | D:1      | Reached skill level 4 in Axes
   436 | D:1      | Reached XP level 3. HP: 28/31 MP: 3/3
   623 | D:2      | Noticed Jessica
   626 | D:2      | Killed Jessica
   626 | D:2      | Reached skill level 5 in Axes
   737 | D:2      | Reached XP level 4. HP: 37/39 MP: 4/4
   912 | D:2      | Reached skill level 6 in Axes
  1084 | D:2      | Found a glowing golden altar of the Shining One.
  1555 | D:3      | Found an iron altar of Okawaru.
  1561 | D:3      | Became a worshipper of Warmaster Okawaru
  1612 | D:3      | Reached XP level 5. HP: 40/45 MP: 5/5
  1888 | D:3      | Reached skill level 7 in Axes
  2241 | D:4      | Reached skill level 8 in Axes
  2288 | D:4      | Reached XP level 6. HP: 51/51 MP: 6/6
  2553 | D:4      | Reached * piety under Okawaru
  2553 | D:4      | Reached skill level 9 in Axes
  2775 | D:4      | Reached XP level 7. HP: 57/57 MP: 7/7
  3477 | D:5      | Entered Level 5 of the Dungeon
  3532 | D:5      | Reached skill level 10 in Axes
  3798 | D:5      | Found a blossoming altar of Fedhas.
  4414 | D:6      | Reached skill level 11 in Axes
  4611 | D:6      | Reached XP level 8. HP: 57/64 MP: 8/8
  4677 | D:6      | Reached ** piety under Okawaru
  4764 | D:6      | Reached skill level 12 in Axes
  4993 | D:6      | Reached skill level 13 in Axes
  5248 | D:7      | Found a staircase to the Ecumenical Temple.
  5774 | D:7      | Reached *** piety under Okawaru
  5774 | D:7      | Reached skill level 14 in Axes
  5774 | D:7      | Reached XP level 9. HP: 64/70 MP: 9/9
  6186 | D:8      | You fall into a shaft and drop 2 floors!
  6186 | D:10     | Entered Level 10 of the Dungeon
  6374 | D:9      | Noticed a hornet
  6380 | D:9      | Paralysed by a hornet for 3 turns
  6383 | D:9      | Killed a hornet
  6383 | D:9      | Reached skill level 15 in Axes
  6749 | D:9      | Found a shadowy altar of Dithmenos.
  6824 | D:9      | Found a white marble altar of Elyvilon.
  7234 | D:8      | Reached **** piety under Okawaru
  7234 | D:8      | Reached skill level 16 in Axes
  7743 | D:10     | Noticed Gastronok
  7769 | D:10     | Killed Gastronok
  7769 | D:10     | Reached ***** piety under Okawaru
  7769 | D:10     | Reached skill level 18 in Axes
  7769 | D:10     | Reached XP level 10. HP: 23/77 MP: 4/10
  8882 | D:11     | Reached skill level 19 in Axes
  8905 | D:11     | Reached XP level 11. HP: 30/82 MP: 5/11
  8950 | D:11     | Received a gift from Okawaru
  9013 | D:11     | Found a staircase to the Lair.
  9096 | D:11     | Found a gate leading to a gauntlet.
  9107 | Gauntlet | Entered a Gauntlet
  9107 | Gauntlet | Found a transporter.
  9108 | Gauntlet | Noticed a sixfirhy
  9323 | Gauntlet | Found a transporter.
  9325 | Gauntlet | Found a transporter.
  9345 | Gauntlet | Found a transporter.
  9347 | Gauntlet | Noticed a ghost crab
  9353 | Gauntlet | Found a transporter.
  9358 | Gauntlet | Found a transporter.
  9375 | Gauntlet | Found a transporter.
  9385 | Gauntlet | Found a transporter.
  9385 | Gauntlet | Noticed a hell hog
  9394 | Gauntlet | Noticed a swamp dragon
  9394 | Gauntlet | a swamp dragon changed into a hippogriff
  9395 | Gauntlet | Found a transporter.
  9402 | Gauntlet | Noticed a fire crab
  9402 | Gauntlet | a polar bear changed into a fire crab
  9407 | Gauntlet | a fire crab changed into a tarantella
  9410 | Gauntlet | Found a transporter.
  9410 | Gauntlet | Found a transporter.
  9412 | Gauntlet | Found a transporter.
  9414 | Gauntlet | Found a runed translucent door.
  9415 | Gauntlet | Noticed a necromancer
  9450 | Gauntlet | Found a transporter.
  9557 | Gauntlet | Killed a sixfirhy
  9557 | Gauntlet | Reached skill level 20 in Axes
  9902 | Gauntlet | Got a translucent turquoise ring
  9906 | Gauntlet | Identified the ring of Melee {rF++ rN+ Int+4 SInv} (You
                  | found it in a Gauntlet)
  9944 | Gauntlet | Noticed a minotaur
  9959 | Gauntlet | HP: 3/82 [minotaur/uncursed staff of wizardry (3)]
  9960 | Gauntlet | Mangled by a minotaur

Levels and vault maps discovered:
D:1:      lightli_arrival_noodles, layout_basic, minmay_cupped
D:2:      layout_loops_corners, tso_metal_star,
          wander_ebering_terrifying_dragon_lair, uniq_jessica
D:3:      layout_loops_ring, okawaru_metal_pillars_1_2
D:4:      layout_basic, first_ration
D:5:      layout_loops_cross, fedhas_altar_1
D:6:      layout_gridville
D:7:      layout_loops_ring, minmay_temple_entry_statues_fountains,
          minmay_diced_spiral
D:8:      layout_basic
D:9:      layout_gridville, grunt_dithmenos_smoke_and_mirrors, elyvilon_altar_5
D:10:     layout_irregular_city, grunt_livestock, uniq_gastronok
D:11:     layout_stronghold, minmay_lair_entry_grove, orc_0_dummy,
          gauntlet_entry_generic
Gauntlet: minmay_gauntlet_77_tree [minmay_gauntlet_arena_77_double_cross,
          minmay_gauntlet_arena_77_two_lines, minmay_gauntlet_arena_77_cramped,
          minmay_gauntlet_arena_77_mirror, minmay_gauntlet_arena_77_museum,
          minmay_gauntlet_arena_77_chump_sandwich,
          minmay_gauntlet_arena_77_braids, gauntlet_exit_spiral]

Skill      XL: |  1  2  3  4  5  6  7  8  9 10 11 |
---------------+----------------------------------+-----
Axes           | 3 4 5 6 8 9 11 14 18 19 20 | 20.3
Fighting       | |  3.6
Armour         | |  3.2
Shields        | |  3.2

Action                   |  1- 3 |  4- 6 |  7- 9 | 10-12 || total
-------------------------+-------+-------+-------+-------++-------
Melee: War axe           |    74 |    66 |   363 |   168 ||   671
       Hand axe          |       |   104 |       |       ||   104
Throw: Boomerang         |       |       |     2 |       ||     2
Invok: Heroism           |       |       |     1 |     1 ||     2
  Use: Scroll            |       |       |     6 |     9 ||    15
       Potion            |       |       |     3 |     2 ||     5
  Eat: Chunk             |       |     6 |    16 |     5 ||    27
       Ration            |       |       |       |     1 ||     1
Armor: Scale mail        |    31 |    54 |   122 |    30 ||   237
       Ring mail         |       |       |       |    12 ||    12
Dodge: Dodged            |    19 |    39 |    85 |    37 ||   180
Block: Shield            |    48 |    73 |   134 |    56 ||   311
